 Dungeon Crawl Stone Soup version 0.29.0-4-gdea44cf6ec (webtiles) character file.

Game seed: 14391218237856962690

284 qw the Chopper (level 6, -4/35 HPs)
             Began as a Tengu Warper on Aug 28, 2022.
             Slain by a steam dragon (8 damage)
             ... on level 4 of the Dungeon.
             The game lasted 00:00:19 (3506 turns).

qw the Chopper (Tengu Warper)                       Turns: 3506, Time: 00:00:19

Health: -4/35      AC: 14    Str: 14    XL:     6   Next: 29%
Magic:  10/10      EV:  0    Int: 13    God:
Gold:   136        SH:  5    Dex: 13    Spells: 9/9 levels left

rFire   + . .      SeeInvis .   Y - +0 war axe
rCold   + . .      Faith    .   (no shield)
rNeg    + . .      Spirit   .   j - +1 gold dragon scales
rPois   +          Reflect  +   (helmet restricted)
rElec   .          Harm     .   (no cloak)
rCorr   .          Rampage  .   (no gloves)
Will    .....                   (boots unavailable)
Stlth   ..........              c - amulet of reflection
HPRegen 0.11/turn               g - ring of positive energy
MPRegen 0.12/turn               (no ring)

@: flying quickly and evasively, quick
A: beak, talons 3, nimble flight
a: no special abilities


You were on level 4 of the Dungeon.
You visited 1 branch of the dungeon, and saw 4 of its levels.

You collected 136 gold pieces.


Innate Abilities, Weirdness & Mutations

You have a beak for a mouth.
You have claws for feet.
Your magical nature lets you fly swiftly and evasively.


   Skills:
 - Level 2.0 Fighting
 + Level 6.2 Axes
 - Level 1.0 Throwing
 - Level 3.2 Armour
 - Level 2.1 Dodging
 - Level 2.0 Spellcasting
 - Level 2.4 Translocations


You had 9 spell levels left.
You didn't know any spells.
Your spell library contained the following spells:

 Spells                   Type           Power      Damage    Failure   Level
 Blink                    Tloc           14%        N/A       100%        2
 Gell's Gravitas          Tloc           7%         N/A       100%        3
 Lesser Beckoning         Tloc           7%         N/A       100%        3
 Teleport Other           Tloc           7%         N/A       100%        3
 Manifold Assault         Tloc           7%         N/A       100%        5

Inventory:

Hand Weapons
 n - a +0 flail
 Y - a +0 war axe (weapon)
Missiles
 i - 4 boomerangs (quivered)
Armour
 j - +1 gold dragon scales (worn)
Jewellery
 c - an amulet of reflection (around neck)
 g - a ring of positive energy (left hand)
 h - a ring of ice
Scrolls
 a - a scroll of fog {unknown}
 k - a scroll of immolation {unknown}
 l - 2 scrolls of identify
Potions
 b - a potion of heal wounds {unknown}
 d - a potion of invisibility {unknown}
 e - a potion of cancellation {unknown}
 f - a potion of curing
 m - 2 potions of haste {unknown}
 o - 2 potions of brilliance {unknown}

Dungeon Overview and Level Annotations

Branches:
Dungeon (4/15)
 Temple: D:4-7

Altars:
Cheibriados
Fedhas
Gozag
Makhleb


Message History

The ball python hisses angrily.
You hit the steam dragon. You claw the steam dragon.
Your punch misses the steam dragon.
The steam dragon is moderately wounded.
The steam dragon bites you.
The steam dragon claws you but does no damage.
You barely miss the steam dragon. Your kick misses the steam dragon.
You peck the steam dragon.
The steam dragon is heavily wounded.
You hit the ball python.
You kill the ball python!
The steam dragon bites you but does no damage.
The steam dragon claws you but does no damage.
The steam dragon bites you but does no damage.
The steam dragon claws you but does no damage.
You hit the steam dragon. Your kick misses the steam dragon.
You peck the steam dragon, but do no damage.
Your punch misses the steam dragon.
The steam dragon is severely wounded.
The steam dragon bites you but does no damage.
The steam dragon claws you but does no damage.
You hit the steam dragon. Your kick misses the steam dragon.
Your peck misses the steam dragon.
The steam dragon is severely wounded.
The steam dragon bites you but does no damage.
The steam dragon claws you but does no damage.
You closely miss the steam dragon.
You peck the steam dragon, but do no damage.
The steam dragon is severely wounded.
The steam dragon breathes steam at you. The ball of steam hits you. You resist.
You hit the steam dragon. Your kick misses the steam dragon.
The steam dragon is almost dead.
The steam dragon bites you but does no damage.
The steam dragon claws you.
You hit the steam dragon but do no damage.
Your kick misses the steam dragon. Your peck misses the steam dragon.
The steam dragon is almost dead.
The steam dragon bites you!
You die...

# # # #####.###. #
#..D...... ...#
######.@..# ...
#.....¤...# ..
#######....¤....#
..
#...)...........'..
..
#.#####.........###
. #.# #¤.¤......#
#. #.# #..¤......#
#. #.# #...........
.....# #.#
#........... ......


You could see a steam dragon (catching breath).

Vanquished Creatures
  A scorpion (D:4)
  A howler monkey (D:4)
  A hound (D:3)
  3 gnolls (D:3)
  7 adders
  2 worms
  8 orcs
  5 endoplasms
  3 giant cockroaches
  5 goblins
  2 hobgoblins
  8 ball pythons
  3 bats
  9 kobolds
  4 rats
62 creatures vanquished.

Notes
Turn   | Place    | Note
-------+----------+-------------------------------------------
     0 | D:1      | qw the Tengu Warper began the quest for the Orb.
     0 | D:1      | Reached XP level 1. HP: 12/12 MP: 4/4
     0 | D:1      | 0 ||| qw: Version: 0.1-a-89-g26bdef1
     0 | D:1      | 0 ||| qw: Game counter: 2150
     0 | D:1      | 0 ||| qw: Always use a shield: true
     0 | D:1      | 0 ||| qw: God list: Okawaru
     0 | D:1      | 0 ||| qw: Allow faded altars: false
     0 | D:1      | 0 ||| qw: Do Orc after D:15 true
     0 | D:1      | 0 ||| qw: Do second Lair branch before Depths: true
     0 | D:1      | 0 ||| qw: Lair rune preference: random
     0 | D:1      | 0 ||| qw: Plans: Normal
     0 | D:1      | 0 ||| PLANNING D:1-11
   410 | D:1      | Found a faded altar of an unknown god.
   709 | D:1      | 709 ||| DROPPING +0 club.
   710 | D:1      | 710 ||| UPGRADING to +0 scale mail.
   720 | D:1      | 720 ||| DROPPING +0 leather armour.
   721 | D:1      | 721 ||| UPGRADING to +0 gold dragon scales.
   731 | D:1      | 731 ||| DROPPING +0 scale mail.
   732 | D:1      | 732 ||| UPGRADING to ring of positive energy.
   733 | D:1      | 733 ||| READING 2 scrolls labelled PISCHE MALO.
   734 | D:1      | 734 ||| READING scroll of enchant weapon.
   734 | D:1      | 734 ||| ENCHANTING +1 hand axe.
   735 | D:1      | 735 ||| READING scroll labelled APOTOFF VECAGA.
   736 | D:1      | 736 ||| DROPPING scroll of blinking.
   815 | D:2      | Reached XP level 2. HP: 17/17 MP: 6/6
   822 | D:2      | Reached skill level 3 in Axes
  1065 | D:2      | 1065 ||| Stepping ~*~*~tactically~*~*~ (stealth).
  1071 | D:2      | Reached XP level 3. HP: 21/21 MP: 7/7
  1243 | D:2      | Reached skill level 4 in Axes
  1433 | D:2      | Reached XP level 4. HP: 25/26 MP: 8/8
  1584 | D:2      | 1584 ||| READING 2 scrolls labelled YTUEDO KOBREUZ.
  1585 | D:2      | 1585 ||| READING scroll labelled BISAEDO CYZADY.
  1686 | D:2      | 1686 ||| DRINKING 2 orange potions.
  1687 | D:2      | 1687 ||| DROPPING scroll of summoning.
  1877 | D:3      | 1877 ||| FLEEEEING.
  1878 | D:3      | 1878 ||| FLEEEEING.
  1887 | D:3      | 1887 ||| FLEEEEING.
  1888 | D:3      | 1888 ||| FLEEEEING.
  1889 | D:3      | 1889 ||| FLEEEEING.
  1890 | D:3      | 1890 ||| FLEEEEING.
  1891 | D:3      | 1891 ||| FLEEEEING.
  1892 | D:3      | 1892 ||| FLEEEEING.
  1893 | D:3      | 1893 ||| FLEEEEING.
  1894 | D:3      | 1894 ||| FLEEEEING.
  1895 | D:3      | 1895 ||| FLEEEEING.
  1896 | D:3      | 1896 ||| FLEEEEING.
  1897 | D:3      | 1897 ||| FLEEEEING.
  1898 | D:3      | 1898 ||| FLEEEEING.
  1899 | D:3      | 1899 ||| FLEEEEING.
  1900 | D:3      | 1900 ||| FLEEEEING.
  1901 | D:3      | 1901 ||| FLEEEEING.
  1902 | D:3      | 1902 ||| FLEEEEING.
  1903 | D:3      | 1903 ||| FLEEEEING.
  1909 | D:3      | 1909 ||| FLEEEEING.
  1910 | D:3      | 1910 ||| FLEEEEING.
  1911 | D:3      | 1911 ||| FLEEEEING.
  1912 | D:3      | 1912 ||| STAIRDANCE
  1951 | D:2      | 1951 ||| UPGRADING to amulet of reflection.
  1959 | D:3      | 1959 ||| STAIRDANCE
  2095 | D:3      | Found a burning altar of Makhleb.
  2095 | D:3      | Found a snail-covered altar of Cheibriados.
  2180 | D:3      | 2180 ||| Stepping ~*~*~tactically~*~*~ (hiding).
  2193 | D:3      | Reached skill level 5 in Axes
  2199 | D:3      | Gained mutation: Your magical nature lets you fly swiftly
                  | and evasively. [Tengu growth]
  2199 | D:3      | Reached XP level 5. HP: 11/30 MP: 9/9
  2451 | D:3      | 2451 ||| SWAPPING to +0 war axe.
  2453 | D:3      | 2453 ||| Stepping ~*~*~tactically~*~*~ (stealth).
  2454 | D:3      | 2454 ||| DROPPING +2 hand axe.
  2459 | D:3      | Reached skill level 3 in Armour
  2543 | D:3      | 2543 ||| Stepping ~*~*~tactically~*~*~ (stealth).
  2549 | D:3      | 2549 ||| DROPPING +0 whip.
  2797 | D:3      | Found a blossoming altar of Fedhas.
  2797 | D:3      | Found an opulent altar of Gozag.
  2814 | D:3      | 2814 ||| READING scroll labelled KUEDWU YQOI.
  2815 | D:3      | 2815 ||| READING scroll labelled IBLAEGUZOE.
  2816 | D:3      | 2816 ||| DRINKING 3 lumpy orange potions.
  2817 | D:3      | 2817 ||| DROPPING 2 potions of magic.
  2942 | D:4      | 2942 ||| Stepping ~*~*~tactically~*~*~ (stealth).
  2943 | D:4      | 2943 ||| Stepping ~*~*~tactically~*~*~ (stealth).
  2952 | D:4      | 2952 ||| Stepping ~*~*~tactically~*~*~ (stealth).
  2953 | D:4      | 2953 ||| Stepping ~*~*~tactically~*~*~ (stealth).
  2962 | D:4      | 2962 ||| READING scroll of enchant armour.
  2962 | D:4      | 2962 ||| ENCHANTING +0 gold dragon scales.
  2997 | D:4      | 2997 ||| Stepping ~*~*~tactically~*~*~ (stealth).
  3010 | D:4      | 3010 ||| FLEEEEING.
  3011 | D:4      | 3011 ||| FLEEEEING.
  3012 | D:4      | 3012 ||| FLEEEEING.
  3013 | D:4      | 3013 ||| FLEEEEING.
  3015 | D:4      | 3015 ||| FLEEEEING.
  3018 | D:4      | 3018 ||| FLEEEEING.
  3019 | D:4      | 3019 ||| FLEEEEING.
  3020 | D:4      | 3020 ||| FLEEEEING.
  3021 | D:4      | 3021 ||| FLEEEEING.
  3022 | D:4      | 3022 ||| FLEEEEING.
  3023 | D:4      | 3023 ||| FLEEEEING.
  3041 | D:4      | 3041 ||| Stepping ~*~*~tactically~*~*~ (stealth).
  3107 | D:4      | Reached XP level 6. HP: 35/35 MP: 10/10
  3120 | D:4      | Reached skill level 6 in Axes
  3490 | D:4      | Noticed a steam dragon
  3499 | D:4      | HP: 8/35 [steam dragon (2)]
  3504 | D:4      | HP: 6/35 [steam dragon/ball of steam (2)]
  3506 | D:4      | Slain by a steam dragon

Levels and vault maps discovered:
D:1:      lightli_arrival_statuegarden, layout_basic,
          hellmonk_ecumenical_altar_inner_sanctum
D:2:      layout_basic, grunt_ministairs_5
D:3:      layout_loops_ring, minitemple, gammafunk_temple_overflow_wave
D:4:      layout_basic

Skill      XL: |  1  2  3  4  5  6 |
---------------+-------------------+-----
Axes           | 3 4 5 6 |  6.2
Armour         | 2 3 |  3.2
Fighting       | |  2.0
Throwing       | |  1.0
Dodging        | |  2.1
Spellcasting   | |  2.0
Translocations | |  2.4

Action                   |  1- 3 |  4- 6 || total
-------------------------+-------+-------++-------
Melee: Hand axe          |    45 |    38 ||    83
       Peck              |     2 |    14 ||    16
       Kick              |     7 |    15 ||    22
       War axe           |       |    45 ||    45
       Punch             |       |     1 ||     1
Throw: Boomerang         |     7 |    44 ||    51
  Use: Scroll            |     3 |     5 ||     8
       Potion            |       |     2 ||     2
 Stab: Distracted        |       |     1 ||     1
Armor: Leather armour    |     5 |       ||     5
       Gold dragon scale |    36 |    52 ||    88
Dodge: Dodged            |     6 |       ||     6
Block: Other             |       |    20 ||    20
       Reflection        |       |     1 ||     1

Table legend:
 A = Non-vault XP
 B = Vault XP
 C = Vault XP percentage of total XP
 D = Non-vault monster count
 E = Vault monster count
 F = Vault count percentage of total count
                 A         B        C        D         E       F
            +---------+---------+-------+---------+---------+-------
      Total |     392 |      14 |   3.4 |      60 |       2 |   3.2
            +---------+---------+-------+---------+---------+-------
        D:1 |       8 |       0 |   0.0 |       6 |       0 |   0.0
        D:2 |      73 |      14 |  16.1 |      16 |       2 |  11.1
        D:3 |     132 |       0 |   0.0 |      20 |       0 |   0.0
        D:4 |     179 |       0 |   0.0 |      18 |       0 |   0.0
            +---------+---------+-------+---------+---------+-------
